Match 46252528
Unlisted

Match 46252528
End
Engineer Squad
Construct Barracks
Selects Airborne Battlegroup
Selects Heavy Machine Gun Paradrop
1⁄4-ton 4x4 Truck
Heavy Machine Gun Paradrop
Heavy Machine Gun Paradrop
Selects Paratrooper Squad Paradrop
Paratrooper Squad Paradrop
Paratrooper Squad Paradrop
Mechanized Support Center
Selects Recon Loiter
Recon Loiter
Construct Medical Station
Construct Motor Pool
Selects Supply Drop
Recon Loiter
M24 Chaffee Light Tank
Designate Forward Repair Station
Recon Loiter
Supply Drop
Paratrooper Squad Paradrop
M24 Chaffee Light Tank
Supply Drop
M24 Chaffee Light Tank
M24 Chaffee Light Tank
Selects Carpet Bombing Run
Recon Loiter
Carpet Bombing Run
Supply Drop
M24 Chaffee Light Tank
Recon Loiter
Carpet Bombing Run
Esxile
Sussy Baka
[TGR] ImperialGuard
4-in-1 Petrol lawnmower
0
0

Comments sign in to comment!

No comments posted yet!